 Dungeon Crawl Stone Soup version 0.29.1-4-g47bece8355 (webtiles) character file.

Game seed: 4422356366310983880

72 zeram the Shield-Bearer (level 4, 0/28 HPs)
             Began as a Gargoyle Fighter on Dec 7, 2022.
             Slain by a hobgoblin (5 damage)
             ... led by Robin
             ... on level 2 of the Dungeon.
             The game lasted 00:01:53 (1520 turns).

zeram the Shield-Bearer (Gargoyle Fighter)          Turns: 1520, Time: 00:01:54

Health: 0/28       AC: 10    Str: 21    XL:     4   Next: 25%
Magic:  4/4        EV:  9    Int:  9    God:
Gold:   113        SH:  4    Dex:  9    Spells: 3/3 levels left

rFire   . . .      SeeInvis .   a - +0 flail (drain)
rCold   . . .      Faith    .   c - +0 buckler
rNeg    + . .      Spirit   .   b - +0 scale mail
rPois   ∞          Reflect  .   (no helmet)
rElec   +          Harm     .   (no cloak)
rCorr   +          Rampage  .   (no gloves)
Will    .....                   (no boots)
Stlth   ..........              (no amulet)
HPRegen 0.09/turn               g - ring of resist corrosion
MPRegen 0.09/turn               (no ring)

@: no status effects
A: sickness immunity, AC +3, negative energy resistance 1, electricity
resistance, torment resistance 1, petrification resistance
a: no special abilities


You were on level 2 of the Dungeon.
You visited 1 branch of the dungeon, and saw 2 of its levels.

You collected 113 gold pieces.

Inventory:

Hand Weapons
 a - a +0 flail of draining (weapon)
Armour
 b - a +0 scale mail (worn)
 c - a +0 buckler (worn)
Jewellery
 g - a ring of resist corrosion (left hand)
Scrolls
 e - a scroll of enchant weapon {unknown}
 h - a scroll of immolation {unknown}
 j - a scroll of noise {unknown}
 k - a scroll of identify
 l - a scroll of fear {unknown}
Potions
 d - 2 potions of might
 f - a potion of experience
 i - a potion of heal wounds {unknown}


   Skills:
 - Level 3.2 Fighting
 + Level 3.0 Maces & Flails
 + Level 4.0 Armour
 + Level 0.5 Dodging
 + Level 4.0 Shields


You had 3 spell levels left.
You didn't know any spells.
Your spell library contained the following spells:

 Spells                   Type           Power      Damage    Failure   Level
 Apportation              Tloc           0%         N/A       80%         1
 Alistair's Intoxication  Tmut/Pois      0%         N/A       100%        5


Dungeon Overview and Level Annotations

Branches:
Dungeon (2/15)

Altars:

Shops:
D:1 (

Annotations:
D:2 Robin


Innate Abilities, Weirdness & Mutations

You are immune to sickness and miasma.
Your stone body is resilient. (AC +3)
You are immune to poison.
You resist negative energy. (rN+)
You are resistant to electric shocks. (rElec)
You are resistant to unholy torment.
You are immune to petrification.


Message History

The hobgoblin closely misses you.
You hit the goblin.
The goblin is moderately wounded.
The goblin hits you but does no damage. The goblin hits you with a +0 dagger.
The goblin hits you but does no damage. You block the goblin's attack.
The hobgoblin hits you but does no damage. x2
The goblin hits you but does no damage. x2
You barely miss the goblin.
The goblin is moderately wounded.
Robin roars a battlecry!
The goblins go into a battle-frenzy!
The goblin hits you but does no damage. The goblin barely misses you.
The goblin hits you with a +0 club. The hobgoblin hits you.
The hobgoblin hits you but does no damage.
You closely miss the goblin.
The goblin is moderately wounded.
Robin closely misses you. The goblin hits you but does no damage.
You block the goblin's attack. The goblin closely misses you.
The goblin hits you with a +0 club. The hobgoblin misses you.
You block the hobgoblin's attack.
You closely miss the goblin.
The goblin is moderately wounded.
You block Robin's attack. The goblin barely misses you.
The goblin hits you but does no damage. The goblin hits you with a +0 dagger.
The hobgoblin barely misses you.
The hobgoblin hits you but does no damage.
The goblin hits you but does no damage. The goblin attacks as you move away!
The goblin hits you but does no damage. Robin throws the goblin at you!
The goblin hits you but does no damage. x4
The goblin hits you with a +0 club.
You sock the goblin!
You kill the goblin!
Robin throws the goblin at you! The hobgoblin completely misses you.
The goblin barely misses you. The goblin hits you with a +0 club.
* * * LOW HITPOINT WARNING * * *
The goblin hits you but does no damage. x2; The goblin completely misses you. x2
The hobgoblin hits you.
* * * LOW HITPOINT WARNING * * *
The hobgoblin closely misses you. The hobgoblin hits you.
You die...

#....# ####....#
>......##
#####.......+
...........#
........g..#
......ggg..#
......g@gg.##
......ggg...+
.......g...##
...........# ##
...........# #.
...........#
...#.
.......(...#
.....
...........#####
.....
..............#
.....


You could see Robin, 3 hobgoblins and 7 goblins.

Vanquished Creatures
  Terence (D:2)
  An adder (D:2)
  A worm (D:2)
  3 endoplasms (D:1)
  A giant cockroach (D:1)
  4 hobgoblins
  2 quokkas (D:1)
  3 ball pythons (D:1)
  5 bats
  A frilled lizard (D:1)
  3 goblins
  5 kobolds
  3 rats
33 creatures vanquished.

Notes
Turn   | Place    | Note
-------+----------+-------------------------------------------
     0 | D:1      | zeram the Gargoyle Fighter began the quest for the Orb.
     0 | D:1      | Reached XP level 1. HP: 14/14 MP: 1/1
    37 | D:1      | Found Agodek's Weapon Shoppe.
   156 | D:1      | Reached XP level 2. HP: 11/19 MP: 2/2
   702 | D:1      | Reached XP level 3. HP: 17/23 MP: 3/3
  1284 | D:2      | Noticed Terence
  1293 | D:2      | Killed Terence
  1294 | D:2      | Reached XP level 4. HP: 18/28 MP: 4/4
  1511 | D:2      | Noticed Robin
  1520 | D:2      | Slain by a hobgoblin

Illustrated notes

Levels and vault maps discovered:
D:1:      shiori_arrival_elements, layout_basic, serial_shops,
          nicolae_shop_bloodbath_and_beyond
D:2:      layout_basic, minmay_hexomino_u4, uniq_terence, uniq_robin

Skill      XL: |  1  2  3  4 |
---------------+-------------+-----
Shields        | 4 |  4.0
Maces & Flails | 3 |  3.0
Armour         | 4 |  4.0
Fighting       | |  3.2
Dodging        | |  0.5

Action                   |  1- 3 |  4- 6 || total
-------------------------+-------+-------++-------
Melee: Flail             |    97 |    12 ||   109
  Use: Scroll            |     2 |       ||     2
Armor: Scale mail        |    45 |    25 ||    70
Dodge: Dodged            |    38 |    17 ||    55
Block: Buckler           |    28 |     6 ||    34
